 Dungeon Crawl Stone Soup version 0.24-a0-619-gb7544fd237 (webtiles) character file.

Game seed: 17523482439748692390, levelgen mode: deterministic

180676 Jorund the Unseen (level 17, -19/126 HPs)
             Began as a Vampire Enchanter on Sept 16, 2019.
             Was the Champion of Dithmenos.
             Killed from afar by a Tzitzimitl (64 damage)
             ... with a bolt of cold
             ... summoned by a deep elf demonologist
             ... on level 3 of the Elven Halls on Sept 17, 2019.
             The game lasted 01:53:04 (25451 turns).

Jorund the Unseen (Vampire Enchanter)              Turns: 25451, Time: 01:53:05

Health: -19/126    AC: 13    Str:  9    XL:     17   Next: 65%
Magic:  41/44      EV: 21    Int: 24    God:    Dithmenos [******]
Gold:   920        SH:  6    Dex: 13    Spells: 8/44 levels left

rFire    + + +     SeeInvis +   K - +12 Vampire's Tooth {vamp}
rCold    . . .     Gourm    .   (no shield)
rNeg     + + +     Faith    .   r - +4 leather armour "Taamomob" {rF++ Str+2 SInv Stlth+}
rPois    +         Spirit   .   L - +2 hat {MR+}
rElec    +         Reflect  +   v - scarf {cloud immunity}
rCorr    .         Harm     .   l - +0 pair of gloves
MR       ++...     Rnd*Rage +   F - +2 pair of boots
Stlth    ++++++++++             V - +6 amulet of reflection
HPRegen  0.51/turn              g - ring of the Greedy {rElec rF+ rN+ EV+3}
MPRegen  0.29/turn              S - ring "Enaluzos" {rPois rN+++ MP+9 Dex-2 SInv}

@: silence, regenerating quickly, hasted, wreathed by umbra, very quick
A: no food, fangs 3, see invisible, [berserk 1], clever 1, [clumsy 1], fire
resistance 1, [screaming 1], unbreathing
a: Exsanguinate, Renounce Religion


You were on level 3 of the Elven Halls.
You worshipped Dithmenos.
Dithmenos was exalted by your worship.
You were alive.

You visited 4 branches of the dungeon, and saw 26 of its levels.
You visited the Abyss 1 time.
You also visited: Gauntlet and Ice Cave.

You collected 3745 gold pieces.
You spent 2825 gold pieces at shops.

Inventory:

Hand Weapons
 j - a +0 rapier of freezing
 K - the +12 Vampire's Tooth (weapon) {vamp}
   (You found it on level 10 of the Dungeon)

   It inflicts no extra harm, but heals its wielder when it wounds a living foe.
Missiles
 m - 59 poisoned darts (quivered)
Armour
 l - a +0 pair of gloves (worn)
 r - the +4 leather armour "Taamomob" (worn) {rF++ Str+2 SInv Stlth+}
   (You bought it in a shop on level 2 of the Orcish Mines)

   It affects your strength (+2).
   It greatly protects you from fire.
   It lets you see invisible.
   It makes you more stealthy.
 v - a scarf of cloud immunity (worn)
 x - a +0 buckler
 F - a +2 pair of boots (worn)
 I - a scarf of spirit shield
 L - a +2 hat of magic resistance (worn)
Jewellery
 g - the ring of the Greedy (left hand) {rElec rF+ rN+ EV+3}
   (You took it off a minotaur in a Gauntlet)

   [ring of evasion]

   It affects your evasion (+3).
   It protects you from fire.
   It insulates you from electricity.
   It protects you from negative energy.
 o - an uncursed ring of resist corrosion
 u - the ring of Wonder {+Fly Str+5}
   (You took it off an orc warrior on level 15 of the Dungeon)

   [ring of flight]

   It affects your strength (+5).
   It lets you fly.
 y - the ring of Shadows {Umbra +Inv Stlth+}
   (You found it on level 6 of the Dungeon)

   [ring of stealth]

   It lets you turn invisible.
   It makes you more stealthy.
 B - an uncursed ring of protection from fire
 S - the ring "Enaluzos" (right hand) {rPois rN+++ MP+9 Dex-2 SInv}
   (You bought it in a shop on level 2 of the Orcish Mines)

   [ring of see invisible]

   It affects your dexterity (-2).
   It protects you from poison.
   It renders you almost immune to negative energy.
   It affects your magic capacity (+9).
   It lets you see invisible.
 V - a +6 amulet of reflection (around neck)
Wands
 a - a wand of disintegration (15)
 i - a wand of paralysis (8)
 D - a wand of enslavement (12)
 E - a wand of iceblast (11)
 G - a wand of polymorph (32)
 H - a wand of digging (6)
 M - a wand of clouds (3)
 U - a wand of scattershot (5)
Scrolls
 d - 9 scrolls of teleportation
 p - 4 scrolls of enchant weapon
 q - 8 scrolls of remove curse
 s - a scroll of enchant armour
 C - a scroll of fear
 O - 6 scrolls of identify
 Q - 3 scrolls of blinking
 R - a scroll of brand weapon
 W - 2 scrolls of summoning
 X - 2 scrolls of amnesia
 Y - a scroll of silence
 Z - 4 scrolls of fog
Potions
 c - 2 potions of cancellation
 e - 12 potions of curing
 f - 2 potions of mutation
 h - 5 potions of agility
 n - 3 potions of haste
 t - a potion of ambrosia
 z - 3 potions of resistance
 A - 3 potions of brilliance
 J - 2 potions of flight
Miscellaneous
 b - a phantom mirror
 N - a fan of gales
 P - a box of beasts


   Skills:
 + Level 9.5 Fighting
 + Level 12.0 Short Blades
 + Level 2.9 Armour
 + Level 11.5 Dodging
 - Level 20.2 Stealth
 * Level 3.5 Shields
 + Level 14.4 Spellcasting
 + Level 19.2 Hexes
 - Level 3.1 Charms
 + Level 0.3 Necromancy
 - Level 1.6 Ice Magic
 - Level 7.5 Evocations


You had 8 spell levels left.
You knew the following spells:

 Your Spells              Type           Power        Failure   Level  Hunger
a - Corona                Hex            #######      0%          1    N/A
b - Ensorcelled Hibernat  Hex/Ice        ######       1%          2    N/A
c - Confuse               Hex            #######.     0%          3    N/A
d - Tukima's Dance        Hex            #######.     0%          3    N/A
e - Swiftness             Chrm/Air       ###.....     3%          2    N/A
f - Regeneration          Chrm/Necr      ####......   7%          3    N/A
g - Yara's Violent Unrav  Hex/Tmut       ######....   2%          5    N/A
h - Silence               Hex/Air        ######....   2%          5    N/A
i - Cause Fear            Hex            #######...   1%          4    N/A
j - Discord               Hex            #######...   12%         8    N/A

Your spell library contained the following spells:

 Spells                   Type           Power        Failure   Level  Hunger
 Dazzling Spray           Conj/Hex       ######       1%          3    N/A
 Animate Skeleton         Necr           N/A          4%          1    N/A
 Beastly Appendage        Tmut           ###...       4%          1    N/A
 Flame Tongue             Conj/Fire      ###..        4%          1    N/A
 Pain                     Necr           ###.         4%          1    N/A
 Shock                    Conj/Air       ###.         4%          1    N/A
 Sticks to Snakes         Tmut           ###.....     7%          2    N/A
 Vampiric Draining        Necr           ###.......   12%         3    N/A
 Spider Form              Tmut/Pois      ###.......   14%         3    N/A
 Static Discharge         Conj/Air       ###.....     14%         3    N/A
 Ice Form                 Ice/Tmut       ###.....     32%         4    N/A
 Animate Dead             Necr           N/A          36%         4    N/A
 Airstrike                Air            ###.......   41%         4    N/A
 Olgreb's Toxic Radiance  Pois           ###.....     41%         4    N/A
 Blade Hands              Tmut           ###.......   77%         5    N/A
 Lightning Bolt           Conj/Air       ###.......   77%         5    N/A
 Deflect Missiles         Chrm/Air       ###.......   98%         6    N/A

Dungeon Overview and Level Annotations

Branches:
Dungeon (15/15)            Temple (0/1) D:4            Lair (6/6) D:9
  Swamp (0/4) Lair:3        Snake (0/4) Lair:4        Slime (0/5) Lair:5
    Orc (2/2) D:10            Elf (3/3) Orc:2        Vaults (0/5) D:13
 Depths (0/5) D:15          IceCv (visited)         Gauntlet (visited)

Altars:
Ashenzari
Cheibriados
Dithmenos
Elyvilon
Gozag
Hepliaklqana
Makhleb
Ru
Sif Muna
Trog
Vehumet
Zin

Shops:
D:4 ?   D:12 ?   Orc:2 !=*[   Elf:2 =

Annotations:
Lair:3 Rupert
Elf:2 3 runed translucent doors


Innate Abilities, Weirdness & Mutations

You do not eat.
Your natural rate of healing is unusually fast.
You have razor-sharp teeth.
You have supernaturally acute eyesight. (SInv)
You can survive without breathing.
Your mind is acute. (Int +2)
Your flesh is heat resistant. (rF+)
[You tend to lose your temper in combat.]
[You are clumsy. (Dex -2)]
[You occasionally shout uncontrollably at your foes.]


Message History

The deep elf demonologist hits you but does no damage.
The deep elf sorcerer closely misses you.
The Tzitzimitl calls on the powers of darkness!
The deep elf demonologist convulses!
Your body is wracked with pain!
* * * LOW HITPOINT WARNING * * *
The deep elf sorcerer convulses!
You feel yourself speed up.
The deep elf sorcerer barely misses you.
You block the deep elf demonologist's attack.
The Tzitzimitl gestures at you.
The bolt of negative energy hits you but does no damage.
You resist.
The deep elf sorcerer barely misses you.
You feel much better.
The deep elf demonologist hits you but does no damage.
The deep elf sorcerer hits you but does no damage.
The Tzitzimitl gestures at you. The bolt of cold hits you!!!
Ouch! That really hurt!
You die...

########### #...[..#.#
#.## ####.........#
##.......# #.# #
...'.........# #.#e....##
##.# # .###.....^..##
#....))#####.## # ##
##......##
####...).)##)#.# #
##....##
#......###..###.# #
####'# #§§§§.[#
###..##.## #.# ##§e§§.[#
###.##..
#<####§e@§§..###### ##...
#....'§1§§§...'.[[###....
#....'..[§§...###.))'....
######........# #####....
##....[.[# ##...
#.)......# ##..
#........# ##. #........#
##.. # #.[......# ##...


You could see a Tzitzimitl, a deep elf sorcerer and a deep elf demonologist.

Vanquished Creatures
  A deep elf blademaster (Elf:3)
  Gastronok (Lair:2)
  Frances (D:14)
  Agnes (D:14)
  4 deep elf sorcerers
  Louise (Elf:1)
  5 deep elf elementalists (Elf:3)
  The ghost of Faih the Bludgeoner, a journeyman DsHu of Trog (Lair:4)
  An ironheart preserver (D:13)
  2 entropy weavers (Lair:5)
  A starcursed mass (Abyss:4)
  3 deep elf demonologists (Elf:3)
  A minotaur (Gauntlet)
  A deep elf annihilator (Elf:3)
  3 deep elf death magi
  A fire dragon (D:14)
  Josephine (Lair:6)
  Harold (Lair:2)
  11 hydras
  Erolcha (D:11)
  A hell beast (Gauntlet)
  5 centaur warriors
  The ghost of Mame the Fighter, a novice HOMo of Beogh (D:11)
  3 catoblepae (Lair:6)
  8 death yaks
  9 dancing weapons
  2 death knights (D:14)
  2 ogre magi
  A tengu warrior (D:14)
  9 two-headed ogres
  Urug (D:10)
  2 queen ants
  A thrashing horror (Abyss:4)
  4 orc high priests
  13 deep elf knights
  Nergalle (Lair:2)
  A wretched star (Abyss:4)
  5 unseen horrors
  5 wizards
  12 deep elf archers
  2 phantasmal warriors (D:15)
  7 orc knights
  38 deep elf magi
  20 ugly things
  6 orc sorcerers
  6 manticores
  A wolf spider (D:15)
  An oklob plant (Lair:6)
  6 cyclopes
  4 black mambas
  A worldbinder (Gauntlet)
  8 elephants
  Joseph (D:8)
  2 smoke demons (Abyss:4)
  A molten gargoyle (Lair:3)
  3 gargoyles (D:14)
  3 centaur skeletons
  4 rime drakes
  7 spiny frogs
  A kobold demonologist (D:15)
  5 torpor snails
  A yaktaur (D:15)
  An ancient zyme (Abyss:4)
  2 efreet
  11 komodo dragons
  A queen bee (D:11)
  10 trolls
  3 tyrant leeches
  10 slime creatures
  8 hornets
  Grinder (D:4)
  11 dream sheep (Lair:6)
  A small abomination (Abyss:3)
  4 meliai zombies
  2 raiju
  15 hippogriffs
  9 blink frogs
  3 vampires
  2 water elementals
  5 fire elementals
  3 wraiths (Lair:6)
  7 air elementals
  A tarantella (shapeshifter) (D:15)
  4 wyverns
  45 yaks
  5 large abominations
  4 shadows
  Eustachio (D:4)
  A human (shapeshifter) (Elf:1)
  3 basilisks
  4 fire bats (Lair:3)
  14 vampire mosquitoes
  4 nagas (Lair:4)
  Menkaure (D:4)
  6 wargs
  13 soldier ants
  2 swamp worms (Lair:3)
  A hell hound (Gauntlet)
  2 acid dragons
  11 water moccasins
  11 porcupines
  27 orc warriors
  2 ice beasts
  3 sky beasts
  A black bear (D:10)
  4 phantoms
  3 boggarts
  A necrophage (D:5)
  8 ogres
  7 centaurs
  9 wolves
  15 crocodiles
  16 bullfrogs
  A big kobold (D:8)
  6 earth elementals
  A wyvern skeleton (D:11)
  4 scorpions
  9 killer bees
  A wight (D:14)
  2 electric eels
  11 howler monkeys
  6 crimson imps
  4 bullfrog zombies
  7 jellies
  3 quasits
  5 centaur zombies
  Crazy Yiuf (D:4)
  6 hounds
  18 orc priests
  2 bullfrog skeletons (D:11)
  27 orc wizards
  6 iguanas
  22 worker ants
  A howler monkey zombie (D:5)
  3 gnolls (D:8)
  5 worker ant zombies
  11 adders
  A shadow imp (D:13)
  2 oozes
  4 adder zombies (D:5)
  3 dart slugs
  6 leopard geckos
  64 orcs
  9 giant cockroaches
  3 goblins
  5 hobgoblins
  5 jackals
  5 quokkas
  A ball python (D:3)
  10 bats
  4 frilled lizards
  2 jackal zombies (D:5)
  10 kobolds
  A leopard gecko skeleton (D:6)
  A quokka skeleton (D:5)
  7 rats
  A bush (Lair:6)
900 creatures vanquished.

Vanquished Creatures (collateral kills)
  A killer bee (D:10)
1 creature vanquished.

Vanquished Creatures (others)
  A wizard (D:5)
  An orc (Elf:1)
  A bush (D:9)
  5 fungi
  10 plants
18 creatures vanquished.

Grand Total: 919 creatures vanquished

Notes
Turn   | Place    | Note
-------+----------+-------------------------------------------
     0 | D:1      | Jorund the Vampire Enchanter began the quest for the Orb.
     0 | D:1      | Reached XP level 1. HP: 13/13 MP: 3/3
   234 | D:1      | Reached XP level 2. HP: 14/19 MP: 1/5
   401 | D:1      | You fall into a shaft and drop 1 floor!
   529 | D:1      | Reached skill level 5 in Hexes
   660 | D:2      | Reached skill level 5 in Stealth
   660 | D:2      | Reached XP level 3. HP: 24/24 MP: 6/6
   719 | D:2      | Learned a level 2 spell: Ensorcelled Hibernation
   723 | D:2      | Learned a level 3 spell: Confuse
  1336 | D:3      | Found a shadowy altar of Dithmenos.
  1351 | D:3      | Became a worshipper of Dithmenos the Shadowed
  1405 | D:3      | Reached XP level 4. HP: 30/30 MP: 7/7
  1593 | D:3      | Found an opulent altar of Gozag.
  1673 | D:3      | Found a snail-covered altar of Cheibriados.
  1796 | D:3      | Gained mutation: Your spells are a little harder to cast,
                  | but a little more powerful. [potion of mutation]
  1796 | D:3      | Gained mutation: You expend magic power (3 MP) to
                  | strengthen your wands. [potion of mutation]
  1797 | D:3      | Lost mutation: Your spells are a little harder to cast, but
                  | a little more powerful. [potion of mutation]
  1797 | D:3      | Lost mutation: You expend magic power (3 MP) to strengthen
                  | your wands. [potion of mutation]
  1797 | D:3      | Gained mutation: Armour fits poorly on your strangely
                  | shaped body. [potion of mutation]
  1797 | D:3      | Gained mutation: Your flesh is heat resistant. (rF+)
                  | [potion of mutation]
  1797 | D:3      | Lost mutation: Armour fits poorly on your strangely shaped
                  | body. [potion of mutation]
  1797 | D:3      | Gained mutation: Your mind is acute. (Int +2) [potion of
                  | mutation]
  1977 | D:4      | Found a staircase to the Ecumenical Temple.
  2039 | D:4      | Found Bygo's Magic Scroll Boutique.
  2056 | D:4      | Bought a scroll of blinking for 90 gold pieces
  2056 | D:4      | Bought a scroll of teleportation for 36 gold pieces
  2056 | D:4      | Bought a scroll of identify for 24 gold pieces
  2082 | D:4      | Noticed Menkaure
  2091 | D:4      | Killed Menkaure
  2091 | D:4      | Reached skill level 6 in Stealth
  2091 | D:4      | Reached XP level 5. HP: 35/35 MP: 4/9
  2156 | D:4      | Reached skill level 7 in Stealth
  2161 | D:4      | Learned a level 3 spell: Tukima's Dance
  2170 | D:4      | Noticed Grinder
  2203 | D:4      | Killed Grinder
  2203 | D:4      | Reached skill level 1 in Ice Magic
  2203 | D:4      | Reached XP level 6. HP: 24/41 MP: 4/10
  2432 | D:4      | Found a runed translucent door.
  2433 | D:4      | Noticed Crazy Yiuf
  2557 | D:4      | Noticed Eustachio
  2564 | D:4      | Killed Eustachio
  2564 | D:4      | Reached skill level 8 in Stealth
  2564 | D:4      | Reached XP level 7. HP: 46/46 MP: 6/11
  2603 | D:4      | Reached * piety under Dithmenos
  2762 | D:4      | Killed Crazy Yiuf
  2802 | D:5      | Entered Level 5 of the Dungeon
  2825 | D:5      | Reached skill level 9 in Stealth
  3124 | D:5      | Reached XP level 8. HP: 52/52 MP: 9/13
  3302 | D:5      | Reached skill level 10 in Stealth
  3349 | D:5      | Found a shimmering blue altar of Sif Muna.
  3385 | D:5      | Found a glowing silver altar of Zin.
  3469 | D:5      | Reached skill level 5 in Short Blades
  3492 | D:5      | Found a shattered altar of Ashenzari.
  3717 | D:5      | Found a bloodstained altar of Trog.
  3718 | D:5      | Noticed a wizard
  3725 | D:5      | Killed a wizard
  3787 | D:6      | Reached ** piety under Dithmenos
  4276 | D:6      | Found the ring of Shadows {Umbra +Inv Stlth+}
  4458 | D:7      | Found a sacrificial altar of Ru.
  4558 | D:7      | Reached skill level 11 in Stealth
  4902 | D:8      | Found a hazy altar of Hepliaklqana.
  4933 | D:8      | Reached skill level 5 in Dodging
  5054 | D:8      | Noticed Joseph
  5061 | D:8      | Killed Joseph
  5061 | D:8      | Reached XP level 9. HP: 57/57 MP: 6/16
  5153 | D:8      | Reached skill level 12 in Stealth
  5173 | D:8      | Found a burning altar of Makhleb.
  5246 | D:8      | Noticed a two-headed ogre
  5248 | D:8      | Found a radiant altar of Vehumet.
  5259 | D:8      | Killed a two-headed ogre
  5259 | D:8      | Reached skill level 5 in Spellcasting
  5278 | D:8      | Reached *** piety under Dithmenos
  5449 | D:9      | Reached skill level 13 in Stealth
  5745 | D:9      | Found a staircase to the Lair.
  5937 | D:9      | Reached XP level 10. HP: 63/63 MP: 15/18
  5950 | D:9      | Reached skill level 14 in Stealth
  6228 | D:10     | Entered Level 10 of the Dungeon
  6228 | D:10     | Found a staircase to the Orcish Mines.
  6322 | D:10     | Noticed Urug
  6330 | D:10     | Noticed a red ugly thing
  6424 | D:10     | Noticed a two-headed ogre
  6447 | D:10     | Killed a two-headed ogre
  6447 | D:10     | Reached skill level 15 in Stealth
  6447 | D:10     | Reached skill level 10 in Hexes
  6775 | D:10     | Reached XP level 11. HP: 51/68 MP: 1/22
  6992 | D:10     | Noticed a two-headed ogre
  6996 | D:10     | Killed a two-headed ogre
  6996 | D:10     | Reached **** piety under Dithmenos
  7092 | D:10     | Killed a red ugly thing
  7092 | D:10     | Reached skill level 16 in Stealth
  7107 | D:10     | Found the +12 Vampire's Tooth {vamp}
  7407 | D:10     | Reached skill level 1 in Evocations
  7443 | D:10     | Killed Urug
  7470 | Lair:1   | Entered Level 1 of the Lair of Beasts
  7620 | Lair:1   | Reached skill level 17 in Stealth
  7781 | Lair:1   | Noticed a four-headed hydra
  7788 | Lair:1   | Killed a four-headed hydra
  8222 | Lair:2   | Noticed an eight-headed hydra
  8229 | Lair:2   | Killed an eight-headed hydra
  8229 | Lair:2   | Reached skill level 18 in Stealth
  8325 | Lair:2   | Reached XP level 12. HP: 75/75 MP: 15/24
  8374 | Lair:2   | Noticed Gastronok
  8388 | Lair:2   | Killed Gastronok
  8388 | Lair:2   | Reached skill level 19 in Stealth
  8424 | Lair:2   | Noticed Harold
  8429 | Lair:2   | Killed Harold
  8463 | Lair:2   | Reached ***** piety under Dithmenos
  8572 | Lair:2   | Reached skill level 1 in Fighting
  8664 | Lair:2   | Noticed a death yak
  8667 | Lair:2   | Noticed a death yak
  8772 | Lair:2   | Killed a death yak
  8772 | Lair:2   | Reached skill level 20 in Stealth
  8785 | Lair:2   | Killed a death yak
  8869 | Lair:2   | Noticed Nergalle
  8876 | Lair:2   | Killed Nergalle
  9013 | Lair:2   | Learned a level 2 spell: Swiftness
  9017 | Lair:2   | Learned a level 3 spell: Regeneration
  9073 | Lair:3   | Noticed a death yak
  9162 | Lair:3   | Reached skill level 1 in Charms
  9171 | Lair:3   | Got a translucent rapier
  9353 | Lair:2   | Killed a death yak
  9466 | Lair:3   | Found a snail-covered altar of Cheibriados.
  9535 | Lair:3   | Reached XP level 13. HP: 83/83 MP: 26/26
  9543 | Lair:3   | Noticed Rupert
  9664 | Lair:4   | Found a staircase to the Snake Pit.
 10039 | Lair:4   | Reached skill level 10 in Spellcasting
 10042 | Lair:4   | Found a large runed translucent door.
 10042 | Lair:4   | Found a large runed translucent door.
 10043 | Lair:4   | Noticed Faih's ghost (journeyman DsHu)
 10146 | Lair:4   | Got a scorched golden ring
 10148 | Lair:4   | Identified the cursed ring of Jirirua {EV-2 Int+2 SInv}
                  | (You found it on level 4 of the Lair of Beasts)
 10518 | Lair:4   | Killed Faih's ghost
 10752 | Lair:5   | Noticed an entropy weaver
 10753 | Lair:5   | Noticed an entropy weaver
 10760 | Lair:5   | Killed an entropy weaver
 10784 | Lair:5   | Killed an entropy weaver
 10840 | Lair:5   | Reached ****** piety under Dithmenos
 10969 | Lair:5   | Found a staircase to the Slime Pits.
 11741 | Lair:3   | Found a staircase to the Swamp.
 11928 | Lair:5   | Identified the +5 rapier "Cuxkange" {drain, +Rage} (You
                  | found it on level 3 of the Lair of Beasts)
 11932 | Lair:6   | Entered Level 6 of the Lair of Beasts
 12011 | Lair:6   | Reached XP level 14. HP: 96/96 MP: 25/29
 12050 | Lair:6   | Reached skill level 15 in Hexes
 12453 | Lair:6   | Noticed Josephine
 12462 | Lair:6   | Killed Josephine
 12755 | Lair:6   | Reached skill level 5 in Fighting
 12973 | Lair:6   | Identified Imytouw's Papyrus of the Toxic Volcanoes
 13692 | D:11     | Noticed Erolcha
 13697 | D:11     | Found a transporter.
 13699 | D:11     | Killed Erolcha
 13703 | D:11     | Found a transporter.
 13704 | D:11     | Noticed Mame's ghost (novice HOMo)
 13738 | D:11     | Killed Mame's ghost
 14134 | D:11     | Found a frozen archway.
 14151 | IceCv    | Entered an ice cave
 14801 | D:12     | Found Romona's Magic Scroll Shoppe.
 14818 | D:12     | Bought a scroll of teleportation for 42 gold pieces
 14843 | D:12     | Reached skill level 10 in Short Blades
 15658 | D:13     | Reached XP level 15. HP: 106/106 MP: 31/31
 15682 | D:13     | Found a gate to the Vaults.
 16594 | D:14     | Noticed Agnes
 16598 | D:14     | Killed Agnes
 16997 | D:14     | Noticed Frances
 17074 | D:14     | Killed Frances
 17112 | D:14     | Reached skill level 10 in Dodging
 17145 | D:14     | Identified the +0 leather armour of Ewuiqos {rF+ Int-5
                  | Stlth+}
 17166 | D:14     | Learned a level 5 spell: Yara's Violent Unravelling
 17172 | D:14     | Learned a level 5 spell: Silence
 17177 | D:14     | Learned a level 4 spell: Cause Fear
 17734 | D:15     | Entered Level 15 of the Dungeon
 17747 | D:15     | Found a gate leading to a gauntlet.
 17775 | D:15     | Reached skill level 5 in Evocations
 17787 | Gauntlet | Entered a Gauntlet
 17787 | Gauntlet | Found a transporter.
 17794 | Gauntlet | Found a transporter.
 17796 | Gauntlet | Found a transporter.
 18010 | Gauntlet | Found a transporter.
 18030 | Gauntlet | Found a transporter.
 18030 | Gauntlet | Found a transporter.
 18030 | Gauntlet | Found a transporter.
 18064 | Gauntlet | Found a transporter.
 18092 | Gauntlet | Identified the ring of Attitude {rElec SInv} (You found it
                  | in a Gauntlet)
 18127 | Gauntlet | Identified the cursed +3 mace of Jorund's Instant Death
                  | {crush, *Contam Int+7}
 18127 | Gauntlet | Identified the ring of the Greedy {rElec rF+ rN+ EV+3}
 18544 | D:15     | Reached XP level 16. HP: 115/115 MP: 33/33
 18549 | D:15     | Found a white marble altar of Elyvilon.
 18875 | D:15     | Identified the ring of Wonder {+Fly Str+5}
 19339 | Orc:1    | Entered Level 1 of the Orcish Mines
 19610 | Orc:1    | Learned a level 8 spell: Discord
 19611 | Orc:2    | Entered Level 2 of the Orcish Mines
 20035 | Orc:2    | Found Jomoithri's Antique Armour Shop.
 20372 | Orc:2    | Found Guraup's General Store.
 20389 | Orc:2    | Found Vaoceud's Jewellery Emporium.
 20391 | Orc:2    | Found Meddeisa's Distillery.
 20399 | Orc:2    | Bought a potion of curing for 51 gold pieces
 20609 | Orc:2    | Found a staircase to the Elven Halls.
 20929 | Orc:2    | Bought a +6 amulet of reflection for 702 gold pieces
 20929 | Orc:2    | Bought the ring "Enaluzos" {rPois rN+++ MP+9 Dex-2 SInv}
                  | for 742 gold pieces
 20945 | Orc:2    | Bought a scorched leather armour for 203 gold pieces
 20945 | Orc:2    | Bought a slimy leather armour for 203 gold pieces
 20964 | Orc:2    | Identified the +4 leather armour "Taamomob" {rF++ Str+2
                  | SInv Stlth+} (You bought it in a shop on level 2 of the
                  | Orcish Mines)
 20974 | Orc:2    | Identified the +2 leather armour of Happy Babbling {Dex+4}
                  | (You bought it in a shop on level 2 of the Orcish Mines)
 21149 | D:4      | Bought a scroll of acquirement for 624 gold pieces
 21149 | D:4      | Bought a scroll of teleportation for 36 gold pieces
 21149 | D:4      | Bought a scroll of teleportation for 36 gold pieces
 21149 | D:4      | Bought a scroll of teleportation for 36 gold pieces
 21152 | D:4      | Got a heavily runed hat
 21164 | D:4      | Identified the +1 hat of Disokihe {Int+2} (You acquired it
                  | on level 4 of the Dungeon)
 21370 | Elf:1    | Entered Level 1 of the Elven Halls
 21979 | Elf:1    | Reached skill level 1 in Armour
 22079 | Elf:1    | Identified the +5 whip of the Eleven Spirits {slash, rC+
                  | MR+}
 22187 | Elf:1    | Identified the +3 shield "Luedyf" {*Slow Int+6 SInv}
 22218 | Elf:1    | Noticed Louise
 22263 | Elf:1    | Killed Louise
 22719 | Elf:2    | Found Lyxorapt's Jewellery Emporium.
 22928 | Elf:2    | Reached XP level 17. HP: 46/124 MP: 35/35
 23098 | Elf:2    | Found a runed translucent gate.
 23098 | Elf:2    | Found a runed translucent gate.
 23099 | Elf:2    | Found a runed translucent gate.
 23273 | Elf:3    | Entered Level 3 of the Elven Halls
 23469 | Elf:3    | Reached skill level 1 in Shields
 23824 | Elf:3    | Upgraded the game from 0.24-a0-618-ge4662a2d14 to
                  | 0.24-a0-619-gb7544fd237
 24399 | Elf:3    | Noticed a deep elf blademaster
 24531 | Elf:3    | Killed a deep elf blademaster
 24570 | Elf:3    | Cast into level 3 of the Abyss (a deep elf sorcerer)
 24570 | Vaults:1 | Entered Level 1 of the Vaults
 24885 | Abyss:3  | Found a sparkling altar of Nemelex Xobeh.
 24940 | Abyss:4  | Noticed a bone dragon
 24967 | Abyss:4  | Found a shadowy altar of Dithmenos.
 25000 | Abyss:4  | Noticed a bone dragon
 25286 | Abyss:4  | Noticed a hellephant
 25297 | Abyss:4  | Found a corrupted altar of Lugonu.
 25423 | Abyss:4  | Noticed an ancient lich
 25438 | Elf:3    | Escaped the Abyss
 25442 | Elf:3    | Noticed a Tzitzimitl
 25451 | Elf:3    | Killed from afar by a Tzitzimitl

Levels and vault maps discovered:
D:1:      dpeg_arrival_stone_temple_mockup, layout_loops_cross,
          kennysheep_small_spiral
D:2:      layout_loops_cross, first_ration
D:3:      layout_loops_cross, lemuel_crystal_altar,
          nicolae_overflow_crystal_walls,
          nicolae_gozag_cash_rules_everything_around_me
D:4:      layout_basic, minmay_temple_entry_arrows, serial_shops, shop_scrolls,
          uniq_menkaure, uniq_eustachio, uniq_crazy_yiuf_cottage, uniq_grinder
D:5:      layout_rooms, lemuel_coloured_pillars_altar, evilmike_ruin_ashenzari,
          zin_academy, serial_undead, serial_undead_a, serial_undead_d,
          serial_undead_d, serial_undead_e, serial_undead_c, serial_undead_e,
          trog_wizard
D:6:      layout_basic
D:7:      layout_loops_ring, nicolae_ru_awakened_eye
D:8:      layout_cave_pools, lemuel_crystal_altar, vehumet_crystals,
          lemuel_doored_altar, uniq_joseph
D:9:      wander_river, layout_long_grid, minmay_lair_entry_grove
D:10:     layout_grid_maze, minmay_orc_entry_guard_dogs,
          hangedman_pestilent_swarm, minmay_guarded_unrand_vampires_tooth,
          uniq_urug
D:11:     layout_irregular_city, portal_ice_cave_rime, gammafunk_ghost_hive,
          minivault_4, uniq_erolcha
D:12:     layout_rooms, serial_shops, nicolae_shop_crystal
D:13:     layout_basic, skrybe_vaults_entry_preservation
D:14:     minmay_the_grid_square_5x5_4x4_mashed
          [minmay_the_grid_square_5x5_broken_cross,
          minmay_the_grid_square_5x5_tetrominoes,
          minmay_the_grid_square_5x5_bite,
          minmay_the_grid_square_5x5_checkered_statues,
          minmay_the_grid_square_5x5_beaten_path,
          minmay_the_grid_square_5x5_prize_gold,
          minmay_the_grid_square_5x5_prize_junk,
          minmay_the_grid_square_5x5_three_walls,
          minmay_the_grid_square_5x5_plus,
          minmay_the_grid_square_5x5_prize_itemx,
          minmay_the_grid_square_5x5_prize_rear_guard,
          minmay_the_grid_square_5x5_shrine2,
          minmay_the_grid_square_5x5_two_small,
          minmay_the_grid_square_5x5_minivault,
          minmay_the_grid_square_5x5_three_small,
          minmay_the_grid_square_5x5_percent], layout_cave_pods,
          hangedman_abyss_or_decor_lesser_grid, uniq_frances, uniq_agnes
D:15:     grunt_enter_depths_snipers, layout_gridville, serial_rivers,
          chequers_serial_rivers_small_a, chequers_serial_rivers_room_a,
          chequers_serial_rivers_micro_a, chequers_serial_rivers_micro_d,
          chequers_serial_rivers_room_a, elyvilon_altar_5,
          gauntlet_entry_generic
Lair:1:   layout_long_grid, grunt_megastairs_3
Lair:2:   layout_cave_shapes, beast_lair_carwin_8, grunt_megastairs_4,
          uniq_gastronok, uniq_harold, uniq_nergalle
Lair:3:   layout_gridlike, palyth_hydra_swamp_entry,
          grunt_forest_small_clearings, kennysheep_snail_temple, uniq_rupert
Lair:4:   layout_hall_layers, minmay_snake_entry_guardpost_medium,
          ebering_ghost_disaster_area, chequers_serial_rivers_micro_c,
          fungi_pond_lemuel
Lair:5:   layout_regular_city, nicolae_slime_entry_slimehenge, wad_woods_antlair
Lair:6:   evilmike_catoblepas_cave, layout_big_grid, minmay_lair_oklob_bushes,
          uniq_josephine
Orc:1:    layout_caves
Orc:2:    st_orc_elflike, layout_diamond_mine, nicolae_orc_crystal_geode
Elf:1:    layout_loops_cross, hangedman_elf_disciples, uniq_louise
Elf:2:    layout_geoelf_diagonals, serial_shops, nicolae_shop_statue_plus
Elf:3:    minmay_elf_hall_spiked, layout_gridlike

Skill      XL: |  1  2  3  4  5  6  7  8  9 10 11 12 13 14 15 16 17 |
---------------+----------------------------------------------------+-----
Hexes          | 5 6 7 9 10 11 13 14 16 17 18 19 | 19.2
Stealth        | 5 6 7 8 9 11 13 15 18 20 | 20.2
Short Blades   | 2 3 4 5 6 7 8 9 10 11 12 | 12.0
Dodging        | 3 4 5 6 8 9 10 11 | 11.5
Spellcasting   | 3 4 5 7 8 9 11 12 13 14 | 14.4
Ice Magic      | 1 |  1.6
Evocations     | 1 2 5 7 |  7.5
Fighting       | 2 4 6 7 8 9 |  9.5
Charms         | 2 3 |  3.1
Armour         | 1 2 |  2.9
Shields        | 3 |  3.5
Necromancy     | |  0.3

Action                   |  1- 3 |  4- 6 |  7- 9 | 10-12 | 13-15 | 16-18 || total
-------------------------+-------+-------+-------+-------+-------+-------++-------
Melee: Dagger            |   108 |    84 |   406 |   100 |       |       ||   698
       Bite              |     7 |     3 |    35 |    30 |   125 |   121 ||   321
       Quick blade       |       |       |       |   192 |  1290 |  1382 ||  2864
Throw: Dart              |       |       |       |    10 |       |     5 ||    15
       Throwing net      |       |       |       |     2 |     1 |       ||     3
 Cast: Corona            |     8 |       |       |       |       |       ||     8
       Ensorcelled Hiber |     4 |     5 |    49 |    79 |   102 |    31 ||   270
       Confuse           |       |     3 |    16 |    21 |    73 |    40 ||   153
       Regeneration      |       |       |       |       |     1 |     2 ||     3
       Yara's Violent Un |       |       |       |       |     1 |     1 ||     2
       Cause Fear        |       |       |       |       |     1 |       ||     1
       Tukima's Dance    |       |       |       |       |     1 |       ||     1
       Swiftness         |       |       |       |       |       |     1 ||     1
       Silence           |       |       |       |       |       |     4 ||     4
Evoke: Wand              |       |       |       |     3 |     7 |     7 ||    17
  Use: Scroll            |     2 |     5 |    11 |     6 |    17 |    11 ||    52
       Potion            |       |     3 |       |     1 |     6 |     5 ||    15
 Stab: Sleeping          |    18 |     7 |    53 |    86 |   196 |    76 ||   436
       Confused          |       |     4 |    11 |    10 |    50 |    17 ||    92
       Distracted        |       |       |       |     1 |     6 |    11 ||    18
       Held in net/web   |       |       |       |     4 |     2 |       ||     6
Armor: Robe              |    34 |    10 |    91 |    20 |    67 |     9 ||   231
       Leather armour    |       |       |       |       |       |    54 ||    54
Dodge: Dodged            |    75 |    44 |   332 |   131 |   530 |   423 ||  1535
Block: Other             |       |       |       |       |       |    83 ||    83
       Reflection        |       |       |       |       |       |     5 ||     5

Table legend:
 A = Non-vault XP
 B = Vault XP
 C = Vault XP percentage of total XP
 D = Non-vault monster count
 E = Vault monster count
 F = Vault count percentage of total count
                 A         B        C        D         E       F
            +---------+---------+-------+---------+---------+-------
      Total |  157664 |  106527 |  40.3 |     669 |     232 |  25.7
            +---------+---------+-------+---------+---------+-------
        D:1 |      39 |       0 |   0.0 |      20 |       0 |   0.0
        D:2 |      21 |       0 |   0.0 |       6 |       0 |   0.0
        D:3 |      64 |       0 |   0.0 |      24 |       0 |   0.0
        D:4 |     213 |     675 |  76.0 |      14 |       4 |  22.2
        D:5 |     561 |     280 |  33.3 |      20 |      13 |  39.4
        D:6 |     185 |       0 |   0.0 |       7 |       0 |   0.0
        D:7 |     436 |       0 |   0.0 |      13 |       0 |   0.0
        D:8 |    1595 |     439 |  21.6 |      21 |       1 |   4.5
        D:9 |     689 |    1954 |  73.9 |      12 |      13 |  52.0
       D:10 |    5129 |    3951 |  43.5 |      29 |      15 |  34.1
       D:11 |    6204 |    3877 |  38.5 |      49 |      13 |  21.0
       D:12 |    3503 |       0 |   0.0 |      22 |       0 |   0.0
       D:13 |    8190 |    3426 |  29.5 |      33 |       8 |  19.5
       D:14 |   13351 |   17151 |  56.2 |      45 |      28 |  38.4
       D:15 |   18988 |       0 |   0.0 |      57 |       0 |   0.0
     Lair:1 |    2935 |     758 |  20.5 |      12 |       2 |  14.3
     Lair:2 |    7620 |    6189 |  44.8 |      25 |      11 |  30.6
     Lair:3 |    5980 |    3807 |  38.9 |      25 |       9 |  26.5
     Lair:4 |    5055 |    2085 |  29.2 |      16 |       5 |  23.8
     Lair:5 |    5497 |    4699 |  46.1 |      17 |      16 |  48.5
     Lair:6 |   10485 |   12853 |  55.1 |      38 |      28 |  42.4
      Orc:1 |    2131 |       0 |   0.0 |      16 |       0 |   0.0
      Orc:2 |    3015 |    8341 |  73.5 |      37 |      25 |  40.3
      Elf:1 |   21889 |    7494 |  25.5 |      45 |      10 |  18.2
      Elf:2 |   12278 |    1803 |  12.8 |      19 |       2 |   9.5
      Elf:3 |   15257 |   22015 |  59.1 |      32 |      15 |  31.9
    Abyss:3 |     728 |       0 |   0.0 |       4 |       0 |   0.0
    Abyss:4 |    5626 |     115 |   2.0 |      11 |       3 |  21.4
   Gauntlet |       0 |    4615 | 100.0 |       0 |      11 | 100.0
            +---------+---------+-------+---------+---------+-------
